 Dungeon Crawl Stone Soup version 0.19.0-1-g5985abe (webtiles) character file.

96560 tyranidshit the Warrior (level 15, -17/130 HPs)
             Began as a Demonspawn Abyssal Knight on Nov 2, 2016.
             Was the Champion of Lugonu.
             Blown up by an orb spider (43 damage)
             ... with an orb of destruction
             ... on level 3 of the Spider Nest.
             The game lasted 01:45:02 (21372 turns).

tyranidshit the Warrior (DsAK)                     Turns: 21372, Time: 01:45:03

Health: -17/130    AC: 25    Str: 21 (22) XL:     15   Next: 69%
Magic:  20/20      EV:  9    Int: 10 (11) God:    Lugonu [******]
Gold:   682        SH: 14    Dex: 11      Spells: 1 memorised, 12 levels left

rFire  + . .     SeeInvis .     R - +8 falchion of Dithmenos's Regard {elec, rPois}
rCold  x . .     Gourm    .     D - +0 plate armour
rNeg   + . .     Faith    .     G - +0 shield
rPois  +         Spirit   .     (helmet restricted)
rElec  +         Reflect  .     C - +2 cloak
rCorr  +         Harm     .     P - +2 pair of gloves of Gaytot {Str+2}
MR     +....                    x - +2 pair of boots
Stlth  ..........               p - amulet of regeneration
                                r - ring "Haqus" {Fire +Inv rElec rN+ Dex-3}
                                Y - ring of resist corrosion

@: no status effects
A: horns 2, demonic guardian 1, dopey 1, screaming 1, spiny 3, strong 1, sturdy
frame 2
a: Depart the Abyss, Bend Space, Banish, Corrupt, Enter the Abyss, Brand Weapon
With Distortion, Renounce Religion, Evoke Invisibility


You were on level 3 of the Spider Nest.
You worshipped Lugonu.
Lugonu was exalted by your worship.
You were not hungry.

You visited 6 branches of the dungeon, and saw 25 of its levels.
You visited the Abyss 1 time.
You also visited: Sewer.

You collected 2196 gold pieces.
You spent 1514 gold pieces at shops.

Inventory:

Hand Weapons
 A - a +4 broad axe of chaos
 R - the +8 falchion of Dithmenos's Regard (weapon) {elec, rPois}
   (You found it on level 10 of the Dungeon)

   Occasionally, upon striking a foe, it will discharge some electrical energy
   and cause terrible harm.
   It protects you from poison.
Armour
 x - a +2 pair of boots (worn)
 C - a +2 cloak (worn)
 D - a +0 plate armour (worn)
 G - a +0 shield (worn)
 P - the +2 pair of gloves of Gaytot (worn) {Str+2}
   (You found it on level 4 of the Lair of Beasts)

   It affects your strength (+2).
Jewellery
 b - an uncursed amulet of rage
 d - a +6 ring of strength
 j - a +2 amulet of reflection
 m - an uncursed ring of protection from fire
 p - an amulet of regeneration (around neck)
 r - the ring "Haqus" (right hand) {Fire +Inv rElec rN+ Dex-3}
   (You bought it in a shop on level 7 of the Dungeon)

   [ring of fire]

   It enhances your fire magic.
   It affects your dexterity (-3).
   It protects you from fire.
   It makes you vulnerable to cold.
   It insulates you from electricity.
   It protects you from negative energy.
   It lets you turn invisible.
 s - an uncursed ring of ice
 Y - a ring of resist corrosion (left hand)
Wands
 e - a wand of digging (9/24)
 n - a wand of iceblast (6/15)
 q - a wand of confusion (6/48)
 v - a wand of confusion (23/48)
 y - a wand of random effects (21/48)
 I - a wand of teleportation (3/9)
 K - a wand of polymorph (13/24)
 L - a wand of slowing (31/48)
 Q - a wand of acid (5/15)
 S - a wand of teleportation (4/9)
 W - a wand of iceblast (1/15)
 Z - a wand of paralysis (12/24)
Scrolls
 a - 2 scrolls of recharging
 c - 2 scrolls of fog
 f - 13 scrolls of remove curse
 g - 5 scrolls of amnesia
 h - a scroll of enchant armour
 l - 6 scrolls of teleportation
 F - 4 scrolls of identify
 N - a scroll of blinking
 V - 2 scrolls of summoning
Potions
 k - 2 potions of resistance
 o - 2 potions of might
 u - a potion of agility
 w - 5 potions of brilliance
 z - 6 potions of curing
 E - a potion of berserk rage
 H - a potion of haste
 U - a potion of magic
Comestibles
 i - 4 meat rations
 t - 8 beef jerkies
 B - 15 slices of pizza
 J - 10 royal jellies
 M - 3 bread rations
 O - 3 fruits


   Skills:
 + Level 15.8 Fighting
 - Level 10.3 Axes
 - Level 11.1 Armour
 - Level 0.8 Dodging
 - Level 4.0 Stealth
 - Level 15.1 Shields
 - Level 7.2 Invocations
 - Level 7.3 Evocations


You had 12 spell levels left.
You knew the following spells:

 Your Spells              Type           Power        Failure   Level  Hunger
a - Blink                 Tloc           N/A          100%        2    ###....


Dungeon Overview and Level Annotations

Branches:
Dungeon (12/15)            Temple (1/1) D:7            Lair (6/6) D:10
  Swamp (1/4) Lair:4       Spider (3/4) Lair:4        Slime (0/5) Lair:5
    Orc (2/2) D:10            Elf (0/3) Orc:2

Altars:
Ashenzari
Dithmenos
Fedhas
Kikubaaqudgha
Makhleb
Nemelex Xobeh
Okawaru
Qazlal
Ru
Sif Muna
Uskayaw
Xom
Zin
The Shining One
Beogh
Jiyva

Shops:
D:7 =   Orc:1 *   Orc:2 *%[[

Annotations:
Lair:5 1 runed door


Innate Abilities, Weirdness & Mutations

You have a pair of horns on your head.
A weak demonic guardian rushes to your aid.
You are completely covered in sharp spines.
Your movements are less encumbered by armour. (ER -4)
You are dopey. (Int -2)
You occasionally shout uncontrollably at your foes.
Your muscles are strong. (Str +2)


Message History

The wolf spider completely misses your white imp.
The wolf spider barely misses your white imp.
The wolf spider closely misses your white imp.
Your white imp hits the wolf spider.
The wolf spider dies!
Lugonu accepts your kill.
The orb spider weaves a glowing orb of energy.
An orb of destruction comes into view.
The orb spider spins a strand of pure energy.
The orb of destruction hits you!
* * * LOW HITPOINT WARNING * * *
Unknown command.
The orb spider weaves a glowing orb of energy.
Your white imp gestures at the orb spider.
The puff of frost hits the orb spider.
An orb of destruction comes into view.
The orb spider pulsates with a strange energy.
Your white imp hits the orb spider but does no damage.
The orb of destruction hits you!
You die...

#..##........## ..
.........##.## ###
#.........##
###....^###..
#..........#. #...### ##.
#............#. ##.#.##
##
#............#.####.###.#
#
##..........#...#.#..^†.#
# ##.........#
##....s..#^# #
#..<......###....†5..#s#
#
..##......##@§§§§§...##.
. #.........# ^. .
###......## ... ##.....#
s.. ###...# .... ##^.#
..#.. .#####


You could see an orb spider and a friendly white imp.

Vanquished Creatures
  Donald (Orc:2)
  An orc warlord (Orc:2)
  A ghost moth (Spider:2)
  A stone giant (Orc:1)
  2 entropy weavers
  Harold (D:12)
  The ghost of tyranidshit the Fighter, a journeyman DsAK of Lugonu (Lair:4)
  Erolcha (D:12)
  Erica (Lair:2)
  4 catoblepae
  A deep troll shaman (Lair:6)
  The ghost of Cokeysmoke the Destroyer, a journeyman TeCj of Vehumet (D:10)
  5 orc high priests (Orc:2)
  The ghost of Ladykiller69 the Carver, a novice MiGl of Uskayaw (D:9)
  4 death yaks (Lair:6)
  An unseen horror (D:10)
  The ghost of Monkfish the Slicer, a novice KoBe of Trog (D:6)
  4 hill giants
  A lindwurm (Lair:6)
  3 orc knights (Orc:2)
  7 orb spiders
  A manticore (D:9)
  3 cyclopes
  An ugly thing (D:12)
  A moth of wrath (Spider:3)
  13 wolf spiders
  3 black mambas
  2 orc sorcerers (Orc:2)
  19 elephants
  12 spiny frogs
  A rime drake (Lair:6)
  7 komodo dragons
  2 demonic crawlers
  4 trolls
  The ghost of skk the Ruffian, an amateur TrNe (D:5)
  A queen bee (Lair:5)
  The ghost of tyranidshit the Skirmisher, an amateur DsAK of Lugonu (D:4)
  3 meliai (Lair:5)
  2 polar bears (Lair:6)
  4 two-headed ogres (Orc:2)
  A tyrant leech (Lair:4)
  21 jumping spiders
  A hornet (Spider:3)
  13 hippogriffs
  4 dream sheep (Lair:5)
  17 blink frogs
  Sigmund (D:4)
  A vampire (D:11)
  37 redbacks
  16 tarantellas
  A basilisk (Lair:2)
  28 yaks
  2 wyverns
  3 steam dragons
  5 vampire mosquitoes (Lair:4)
  3 wargs
  6 water moccasins
  9 porcupines
  An ice beast (D:11)
  47 orc warriors
  3 sky beasts
  4 black bears
  4 phantoms
  14 ogres
  7 centaurs
  6 crocodiles
  21 wolves
  3 big kobolds
  19 bullfrogs
  A gnoll sergeant (D:8)
  A wyvern zombie (D:10)
  17 killer bees
  7 wights
  4 electric eels
  4 howler monkeys
  5 crimson imps
  5 centaur zombies
  A quasit (D:7)
  A bullfrog zombie (D:5)
  7 hounds
  Crazy Yiuf (D:6)
  6 jellies
  22 orc priests
  A bullfrog skeleton (D:4)
  A centaur skeleton (D:8)
  Jessica (D:3)
  7 iguanas
  9 worker ants
  18 orc wizards
  A hound skeleton (D:5)
  Robin (D:3)
  21 gnolls
  15 adders
  3 shadow imps
  2 oozes
  An adder zombie (D:4)
  3 adder skeletons
  2 worms
  3 dart slugs
  7 leopard geckos
  121 orcs
  4 ball pythons
  10 giant cockroaches
  21 goblins
  10 hobgoblins
  13 jackals
  23 kobolds
  4 quokkas
  11 bats
  5 frilled lizards
  A leopard gecko skeleton (D:6)
  A leopard gecko zombie (D:6)
  A quokka skeleton (D:3)
  11 rats
  A fungus (Lair:5)
  2 plants
839 creatures vanquished.

Vanquished Creatures (collateral kills)
  An orc sorcerer (Orc:1)
  2 wolf spiders
  A moth of wrath (Spider:1)
  An elephant (Lair:4)
  2 komodo dragons (Lair:2)
  A jumping spider (Spider:1)
  A two-headed ogre (D:10)
  2 blink frogs
  2 dream sheep (Lair:5)
  A hippogriff (Lair:4)
  A spriggan (D:8)
  A tarantella (Spider:1)
  A basilisk (Lair:6)
  6 yaks
  2 water moccasins
  2 porcupines (Lair:1)
  2 orc warriors
  2 wolves (Lair:4)
  An ogre (D:6)
  A bullfrog (D:11)
  A gnoll sergeant (D:10)
  3 killer bees (D:7)
  A howler monkey (D:9)
  3 orc priests
  A hound (D:4)
  4 orcs
  A giant cockroach (D:6)
  A kobold (Sewer)
  A quokka (D:5)
  A fungus (Lair:4)
50 creatures vanquished.

Vanquished Creatures (others)
  A hydra (Lair:4)
  16 fungi
  8 plants
25 creatures vanquished.

Grand Total: 914 creatures vanquished

Notes
Turn   | Place    | Note
-------+----------+-------------------------------------------
     0 | Abyss:1  | tyranidshit the Demonspawn Abyssal Knight began the quest for the Orb.
     0 | Abyss:1  | Reached XP level 1. HP: 18/18 MP: 2/2
    56 | Abyss:2  | Noticed a shining eye
    73 | Abyss:2  | Noticed a quasit
    95 | D:1      | Escaped the Abyss
   187 | D:1      | Gained mutation: You have a pair of small horns on your head. [demonic ancestry]
   187 | D:1      | Reached XP level 2. HP: 8/24 MP: 3/3
   268 | D:1      | Reached * piety under Lugonu
   470 | D:1      | Gained mutation: Scrolls take you a little longer to read. [potion of mutation]
   470 | D:1      | Gained mutation: You are resistant to hostile enchantments. (MR+) [potion of mutation]
   470 | D:1      | Gained mutation: You are dopey. (Int -2) [potion of mutation]
   813 | D:1      | Reached XP level 3. HP: 30/30 MP: 4/4
  1118 | D:2      | Lost mutation: You are dopey. (Int -2) [potion of cure mutation]
  1118 | D:2      | Lost mutation: You are resistant to hostile enchantments. (MR+) [potion of cure mutation]
  1118 | D:2      | Lost mutation: Scrolls take you a little longer to read. [potion of cure mutation]
  1167 | D:2      | Reached XP level 4. HP: 12/38 MP: 5/5
  1188 | D:2      | Reached skill level 5 in Fighting
  1712 | D:3      | Noticed Jessica
  1713 | D:3      | Killed Jessica
  1718 | D:3      | Noticed a bullfrog
  1831 | D:3      | Reached ** piety under Lugonu
  1874 | D:3      | Noticed Robin
  1876 | D:3      | Killed a bullfrog
  1876 | D:3      | Gained mutation: A weak demonic guardian rushes to your aid. [demonic ancestry]
  1876 | D:3      | Reached XP level 5. HP: 30/46 MP: 6/6
  1882 | D:3      | Killed Robin
  1899 | D:3      | Reached XP level 6. HP: 25/53 MP: 7/7
  1938 | D:3      | Found a hide-covered altar of Uskayaw.
  2660 | D:4      | Noticed tyranidshit's ghost (amateur DsAK)
  2662 | D:4      | Reached *** piety under Lugonu
  2676 | D:4      | Noticed Sigmund
  2736 | D:4      | HP: 1/56 [tyranidshit's ghost (3)]
  2825 | D:4      | Killed Sigmund
  2825 | D:4      | Reached XP level 7. HP: 59/62 MP: 8/8
  2850 | D:4      | HP: 2/62 [tyranidshit's ghost (8)]
  2879 | D:4      | HP: 2/62 [tyranidshit's ghost (7)]
  2880 | D:4      | Killed tyranidshit's ghost
  3253 | D:5      | Entered Level 5 of the Dungeon
  3275 | D:5      | Found an iron altar of Okawaru.
  3371 | D:5      | Found a shattered altar of Ashenzari.
  3393 | D:5      | Found a shadowy altar of Dithmenos.
  3393 | D:5      | Found a deep blue altar of Sif Muna.
  3409 | D:5      | Found a sparkling altar of Nemelex Xobeh.
  3412 | D:5      | Found a glowing golden altar of the Shining One.
  3487 | D:5      | Noticed skk's ghost (amateur TrNe)
  3543 | D:5      | Killed skk's ghost
  3543 | D:5      | Reached skill level 10 in Fighting
  3543 | D:5      | Gained mutation: Your movements are slightly less encumbered by armour. (ER -2) [demonic ancestry]
  3543 | D:5      | Reached XP level 8. HP: 36/72 MP: 9/9
  3759 | D:5      | Got a jewelled whip
  3760 | D:5      | Identified the cursed +3 whip of Fury {slash, +Inv Str+7 Int+2} (You found it on level 5 of the Dungeon)
  3792 | D:5      | Found an ancient bone altar of Kikubaaqudgha.
  3860 | D:5      | Found a blossoming altar of Fedhas.
  3955 | D:5      | Found a stormy altar of Qazlal.
  3955 | D:5      | Found a glowing silver altar of Zin.
  4282 | D:6      | Found a burning altar of Makhleb.
  4290 | D:6      | Reached skill level 5 in Invocations
  4313 | D:6      | Reached **** piety under Lugonu
  4320 | D:6      | Found a glowing drain.
  4336 | D:6      | Noticed Monkfish's ghost (novice KoBe)
  4369 | D:6      | Killed Monkfish's ghost
  4369 | D:6      | Gained mutation: You have a pair of horns on your head. [demonic ancestry]
  4369 | D:6      | Reached XP level 9. HP: 25/79 MP: 13/13
  4375 | Sewer    | Entered a sewer
  4750 | D:6      | Reached skill level 5 in Armour
  5031 | D:6      | Found a runed door.
  5035 | D:6      | Noticed Crazy Yiuf
  5070 | D:6      | Killed Crazy Yiuf
  5155 | D:7      | Found Fuet Ser's Jewellery Shop.
  5176 | D:7      | Found a deep blue altar of Sif Muna.
  5278 | D:7      | Found a staircase to the Ecumenical Temple.
  5290 | Temple   | Entered the Ecumenical Temple
  6154 | D:8      | Gained mutation: You are partially covered in sharp spines. [demonic ancestry]
  6154 | D:8      | Reached XP level 10. HP: 28/86 MP: 15/15
  6227 | D:8      | Reached skill level 5 in Axes
  6344 | D:8      | Reached skill level 1 in Evocations
  6512 | D:8      | Reached ***** piety under Lugonu
  6671 | D:9      | Noticed a manticore
  6673 | D:9      | Noticed Ladykiller69's ghost (novice MiGl)
  6681 | D:8      | Reached skill level 1 in Shields
  6747 | D:9      | Killed Ladykiller69's ghost
  6757 | D:9      | Killed a manticore
  7323 | D:10     | Entered Level 10 of the Dungeon
  7404 | D:10     | Reached skill level 5 in Evocations
  7426 | D:10     | Found a staircase to the Orcish Mines.
  7440 | D:10     | Killed an unseen horror
  7468 | D:10     | Noticed a hill giant
  7468 | D:10     | Noticed Cokeysmoke's ghost (journeyman TeCj)
  7516 | D:10     | Killed Cokeysmoke's ghost
  7516 | D:10     | Reached XP level 11. HP: 91/92 MP: 16/16
  7525 | D:10     | Killed a hill giant
  7682 | D:10     | Got a brightly glowing falchion
  7946 | D:10     | Gained mutation: You have supernaturally acute eyesight. (SInv) [mutagenic meat]
  7947 | D:10     | Gained mutation: You occasionally shout uncontrollably at your foes. [mutagenic meat]
  7948 | D:10     | Gained mutation: You are dopey. (Int -2) [mutagenic meat]
  7979 | D:10     | Reached skill level 5 in Shields
  8154 | D:10     | Identified the +8 falchion of Dithmenos's Regard {elec, rPois} (You found it on level 10 of the Dungeon)
  8254 | D:10     | Found a staircase to the Lair.
  8511 | Lair:1   | Entered Level 1 of the Lair of Beasts
  8614 | Lair:1   | Reached ****** piety under Lugonu
  9389 | Lair:2   | Gained mutation: Your movements are less encumbered by armour. (ER -4) [demonic ancestry]
  9389 | Lair:2   | Reached XP level 12. HP: 55/100 MP: 17/17
  9555 | Lair:2   | Noticed Erica
  9564 | Lair:2   | Killed Erica
 10055 | Lair:3   | Noticed a catoblepas
 10075 | Lair:3   | Killed a catoblepas
 10589 | Lair:4   | Noticed a catoblepas
 10605 | Lair:4   | Killed a catoblepas
 10911 | Lair:4   | Noticed tyranidshit's ghost (journeyman DsAK)
 10939 | Lair:4   | Killed tyranidshit's ghost
 11066 | Lair:4   | Found a staircase to the Swamp.
 11203 | Lair:4   | Found a hole to the Spider Nest.
 11208 | Lair:4   | Gained mutation: You are mostly covered in sharp spines. [demonic ancestry]
 11208 | Lair:4   | Reached XP level 13. HP: 109/109 MP: 18/18
 11213 | Lair:4   | Reached skill level 10 in Shields
 11875 | Lair:5   | Found a runed door.
 11903 | Lair:5   | Found a viscous altar of Jiyva.
 11907 | Lair:5   | Found a staircase to the Slime Pits.
 11907 | Lair:5   | Noticed an acid blob
 12493 | Lair:6   | Entered Level 6 of the Lair of Beasts
 12831 | Lair:6   | Learned a level 2 spell: Blink
 13187 | Lair:6   | Reached skill level 15 in Shields
 13187 | Lair:6   | Reached XP level 14. HP: 102/116 MP: 19/19
 13667 | Lair:6   | Identified the Disquisition on Enchantment and Earth
 13681 | Lair:6   | Lost mutation: You have supernaturally acute eyesight. (SInv) [potion of mutation]
 13681 | Lair:6   | Gained mutation: Your muscles are strong. (Str +2) [potion of mutation]
 13681 | Lair:6   | Gained mutation: Your muscles are very strong. (Str +4) [potion of mutation]
 14090 | D:11     | Gained mutation: You expend magic power (3 MP) to strengthen your wands. [mutagenic meat]
 14436 | D:11     | Gained mutation: Scrolls take you a little longer to read. [mutagenic meat]
 14437 | D:11     | Gained mutation: Your spells are a little easier to cast, but a little less powerful. [mutagenic meat]
 14753 | D:12     | Identified a scroll of acquirement
 14765 | D:12     | Gained mutation: You sometimes yell uncontrollably at your foes. [potion of mutation]
 14787 | D:12     | Reached skill level 10 in Armour
 14803 | D:12     | Noticed Harold
 14807 | D:12     | Noticed Erolcha
 14817 | D:12     | Killed Harold
 14819 | D:12     | Killed Erolcha
 15319 | Orc:1    | Entered Level 1 of the Orcish Mines
 15488 | Orc:1    | Paralysed by an orc sorcerer for 5 turns
 15627 | Orc:2    | Entered Level 2 of the Orcish Mines
 15871 | Orc:2    | Noticed Donald
 15894 | Orc:2    | Killed Donald
 15964 | Orc:1    | Noticed a stone giant
 16128 | Orc:1    | Killed a stone giant
 16134 | Orc:1    | Found Jeoppo's General Store.
 16328 | Orc:2    | Found Weur's Armour Boutique.
 16349 | Orc:2    | Found a roughly hewn altar of Beogh.
 16381 | Orc:2    | Paralysed by an orc sorcerer for 2 turns
 16455 | Orc:2    | Found Agiolud's Antique Armour Shop.
 16470 | Orc:2    | Bought a pair of glowing boots for 420 gold pieces
 16835 | Orc:2    | Noticed an orc warlord
 16955 | Orc:2    | Found a staircase to the Elven Halls.
 17106 | Orc:2    | Killed an orc warlord
 17118 | Orc:2    | Found a roughly hewn altar of Beogh.
 17192 | Orc:2    | Found Ziehugin's General Store.
 17211 | Orc:2    | Bought a scroll of enchant armour for 120 gold pieces
 17454 | Orc:2    | Found Zuijog's Food Boutique.
 17616 | Orc:1    | Bought a scroll of brand weapon for 320 gold pieces
 17616 | Orc:1    | Bought a potion of mutation for 40 gold pieces
 17907 | Swamp:1  | Entered Level 1 of the Swamp
 17918 | Swamp:1  | Lost mutation: Your spells are a little easier to cast, but a little less powerful. [potion of cure mutation]
 17918 | Swamp:1  | Lost mutation: Your muscles are very strong. (Str +4) [potion of cure mutation]
 17918 | Swamp:1  | Lost mutation: You expend magic power (3 MP) to strengthen your wands. [potion of cure mutation]
 17918 | Swamp:1  | Lost mutation: You sometimes yell uncontrollably at your foes. [potion of cure mutation]
 17918 | Swamp:1  | Lost mutation: Scrolls take you a little longer to read. [potion of cure mutation]
 18250 | D:7      | Bought the ring "Haqus" {Fire +Inv rElec rN+ Dex-3} for 614 gold pieces
 18491 | Spider:1 | Entered Level 1 of the Spider Nest
 18508 | Spider:1 | Gained mutation: You are completely covered in sharp spines. [demonic ancestry]
 18508 | Spider:1 | Reached XP level 15. HP: 125/127 MP: 20/20
 18607 | Spider:1 | HP: 5/127 [entropy weaver (7)]
 18668 | Lair:4   | Got a pair of encrusted gloves
 18679 | Lair:4   | Identified the +2 pair of gloves of Gaytot {Str+2} (You found it on level 4 of the Lair of Beasts)
 19251 | Spider:1 | Reached skill level 10 in Axes
 20100 | Spider:2 | Reached skill level 15 in Fighting
 20164 | Spider:2 | Reached skill level 1 in Stealth
 20380 | Spider:2 | Killed a ghost moth
 20512 | Spider:2 | You are sucked into a shaft!
 21372 | Spider:3 | Blown up by an orb spider

Skill      XL: |  1  2  3  4  5  6  7  8  9 10 11 12 13 14 15 |
---------------+----------------------------------------------+-----
Fighting       | 4 6 8 10 11 12 14 15 | 15.8
Armour         | 4 6 7 8 9 11 | 11.1
Invocations    | 6 7 |  7.2
Axes           | 4 5 6 8 9 10 | 10.3
Evocations     | 7 |  7.3
Shields        | 4 6 9 15 | 15.1
Stealth        | 4 |  4.0
Dodging        | |  0.8

Action                   |  1- 3 |  4- 6 |  7- 9 | 10-12 | 13-15 || total
-------------------------+-------+-------+-------+-------+-------++-------
Melee: Hand axe          |   112 |   148 |   216 |    61 |       ||   537
       Headbutt          |     7 |    18 |   105 |   153 |   346 ||   629
       Whip              |       |       |   263 |   284 |       ||   547
       Unarmed           |       |       |    20 |       |       ||    20
       Falchion          |       |       |       |   262 |  1148 ||  1410
Invok: Depart the Abyss  |     1 |       |       |       |       ||     1
       Banish            |       |       |     2 |       |     2 ||     4
Evoke: Wand              |       |    12 |    11 |    16 |    11 ||    50
  Use: Scroll            |     7 |     4 |     5 |    11 |    22 ||    49
       Potion            |     4 |     4 |     5 |     8 |    16 ||    37
 Stab: Distracted        |       |       |     3 |    10 |     4 ||    17
       Invisible         |       |       |       |     2 |       ||     2
  Eat: Bread ration      |     1 |     1 |     2 |     4 |       ||     8
       Pizza             |       |     1 |       |       |       ||     1
       Chunk             |       |       |       |     4 |     4 ||     8
       Meat ration       |       |       |       |       |     7 ||     7
       Fruit             |       |       |       |       |     3 ||     3
Armor: Leather armour    |    13 |       |       |       |       ||    13
       Ring mail         |    18 |       |       |       |       ||    18
       Chain mail        |    44 |   132 |   344 |    11 |       ||   531
       Plate armour      |       |       |       |   370 |   698 ||  1068
Dodge: Dodged            |    68 |    46 |   239 |   173 |   412 ||   938
Block: Shield            |       |       |       |   376 |  1042 ||  1418
       Rpst.: Falchion   |       |       |       |    25 |    88 ||   113
